 Dungeon Crawl Stone Soup version 0.27-a0-152-g6fc33f2 (webtiles) character file.

Game seed: 6729815743011770339

14736 Blackhawk the Fighter (level 12, -2/80 HPs)
             Began as a Gargoyle Berserker on Jan 27, 2021.
             Was the Champion of Trog.
             Slain by a white ugly thing (35 damage)
             ... on level 10 of the Dungeon.
             The game lasted 00:19:59 (12274 turns).

Blackhawk the Fighter (Gargoyle Berserker)         Turns: 12274, Time: 00:19:59

Health: -2/80      AC: 27    Str: 25    XL:     12   Next: 19%
Magic:  12/12      EV: 11    Int:  9    God:    Trog [******]
Gold:   748        SH:  0    Dex:  9    Spells: 11/11 levels left

rFire    . . .     SeeInvis .   a - +1 hand axe (venom)
rCold    . . .     Faith    .   (no shield)
rNeg     + . .     Spirit   .   w - +0 plate armour
rPois    ∞         Reflect  .   (no helmet)
rElec    +         Harm     .   e - scarf {repulsion}
rCorr    .         Rampage  .   A - +0 pair of gloves
Will     +....                  E - +1 pair of boots
Stlth    ..........             q - amulet of magic regeneration
HPRegen  0.23/turn              i - ring of willpower
MPRegen  0.38/turn              F - ring of stealth

@: repel missiles
A: negative energy resistance 1, electricity resistance, unbreathing,
petrification resistance, miasma immunity, AC +8
a: Renounce Religion, Berserk, Trog's Hand, Brothers in Arms


You were on level 10 of the Dungeon.
You worshipped Trog.
Trog was exalted by your worship.
You visited 2 branches of the dungeon, and saw 12 of its levels.
You also visited: Bailey.

You collected 748 gold pieces.

Inventory:

Hand Weapons
 a - a +1 hand axe of venom (weapon)
 b - the +4 morningstar of Stickiness {vorpal, rElec}
   (Trog gifted it to you on level 11 of the Dungeon)

   It inflicts extra damage upon your enemies.
   It insulates you from electricity.
 s - a +0 hand axe
Missiles
 g - a throwing net
 u - 58 poisoned darts (quivered)
Armour
 e - a scarf of repulsion (worn)
 w - a +0 plate armour (worn)
 A - a +0 pair of gloves (worn)
 E - a +1 pair of boots (worn)
Jewellery
 i - a ring of willpower (left hand)
 j - an uncursed ring of protection from fire
 q - an amulet of magic regeneration (around neck)
 F - a ring of stealth (right hand)
 N - an uncursed amulet of faith
Wands
 l - a wand of polymorph (9)
 y - a wand of random effects (31)
 D - a wand of iceblast (10)
 G - a wand of paralysis (4)
 M - a wand of flame (47)
Scrolls
 f - 2 scrolls of magic mapping
 h - 7 scrolls of teleportation
 o - 4 scrolls of remove curse
 p - 3 scrolls of enchant weapon
 z - 2 scrolls of torment
 C - a scroll of enchant armour
 I - a scroll of fear
 J - a scroll of summoning {unknown}
 O - 2 scrolls of noise {unknown}
 P - 2 scrolls of holy word {unknown}
 Q - a scroll of identify
Potions
 c - 5 potions of brilliance {unknown}
 d - 2 potions of magic {unknown}
 k - 5 potions of lignification {unknown}
 m - 2 potions of haste {unknown}
 n - 5 potions of flight
 r - 4 potions of mutation {unknown}
 t - 2 potions of might {unknown}
 v - 2 potions of attraction {unknown}
 x - a potion of resistance {unknown}
 B - 2 potions of heal wounds {unknown}
 H - a potion of ambrosia {unknown}
 K - 2 potions of curing
Miscellaneous
 L - a box of beasts


   Skills:
 + Level 11.1 Fighting
 + Level 9.4 Axes
 + Level 10.8 Armour
 + Level 8.5 Dodging


You had 11 spell levels left.
You didn't know any spells.
Your spell library was empty.

Dungeon Overview and Level Annotations

Branches:
Dungeon (11/15)            Temple (1/1) D:5            Lair (0/6) D:9
    Orc (0/2) D:11         Bailey (visited)

Altars:
Ashenzari
Cheibriados
Dithmenos
Elyvilon
Gozag
Hepliaklqana
Makhleb
Okawaru
Trog
Uskayaw
Vehumet
Wu Jian
Yredelemnul
Zin
The Shining One
Beogh

Shops:
D:9 ?***   D:10 =

Annotations:
D:3 1 runed translucent door
D:5 1 exclusion
D:6 1 runed translucent door, NeoRunner's ghost, novice TrFi
D:7 3 runed translucent doors, Cthulcifer's ghost, novice OpTm
D:10 1 runed translucent door, exclusion: 2 doors, bat's ghost, novice DsGl


Innate Abilities, Weirdness & Mutations

You are resistant to torment.
Your stone body is resilient. (AC +8)
You are immune to poison.
You resist negative energy. (rN+)
You are resistant to electric shocks. (rElec)
You can survive without breathing.
You are immune to petrification.
You are immune to miasma.


Message History

You slash the white ugly thing!
The white ugly thing is heavily wounded.
The white ugly thing claws you but does no damage.
The white ugly thing closely misses you.
You closely miss the white ugly thing.
The white ugly thing is severely wounded.
You hit the white ugly thing.
The white ugly thing looks as sick as possible!
The white ugly thing is severely wounded.
The white ugly thing claws you but does no damage.
The white ugly thing claws you. The white ugly thing freezes you!
The sentinel's mark upon you fades away.
There is an escape hatch in the ceiling here.
The white ugly thing claws you but does no damage.
A mysterious force pulls you upwards. The hatch slams shut behind you.
Level annotation: 1 runed translucent door, exclusion: 2 doors, bat's ghost, novice DsGl You closely miss the white ugly thing.
The white ugly thing is almost dead.
The white ugly thing claws you. The white ugly thing freezes you!!
You die...

....# #.# #.# #.# #####
#.# #.# #.#### #.# #.#
#.#... ######.# ##.#
#.#.## # #...##[#
##..##### #.#.#
###...##.# ##.#.....#
#.#.##
.........#####.###.##.#
#....#
#.............#####.#.#
#.....
#........#####..@#.##.#
##...#
#.#...##.###...#u.###.#
##.##
.##...##...........##.#
#.##
############.##.[..##.#
######.## #
#.##.#..##.###........
#
#.##.#[[..............
##
#.##.#.###.###.#######
.# #.##.#># #.# #.# .#
#.##.#.# #.# #.#


You could see a white ugly thing (very poisoned).

Vanquished Creatures
  A two-headed ogre (D:9)
  2 tengu warriors (D:10)
  A manticore (D:10)
  Joseph (D:8)
  Maurice (D:9)
  A komodo dragon (D:9)
  2 trolls
  A wraith (D:11)
  14 yaks
  2 water moccasins
  A necrophage (D:6)
  7 sky beasts
  10 phantoms
  3 ice beasts
  7 orc warriors
  3 black bears
  7 ogres
  The ghost of thesequoiad the Skirmisher, an amateur FoWn (D:3)
  2 centaurs
  2 big kobolds (D:9)
  11 bullfrogs
  2 wyvern skeletons
  5 scorpions
  6 killer bees
  2 troll zombies (D:11)
  15 wights
  A howler monkey (D:6)
  A centaur zombie (D:6)
  A bullfrog zombie (D:11)
  7 orc priests
  4 jellies
  4 bullfrog skeletons
  3 hounds
  A centaur skeleton (D:9)
  6 iguanas
  Ijyb (D:5)
  12 worker ants
  5 orc wizards
  6 ogre zombies (D:11)
  2 killer bee zombies
  4 hound skeletons
  A worker ant zombie (D:7)
  4 gnolls (D:4)
  12 adders
  A river rat (D:3)
  6 white imps
  2 ufetubi
  2 adder skeletons
  4 worms
  3 dart slugs (D:2)
  6 leopard geckos
  36 orcs
  11 giant cockroaches
  13 goblins
  10 hobgoblins
  5 jackals
  5 quokkas
  3 ball pythons (D:3)
  7 bats
  6 frilled lizards
  A goblin zombie (D:11)
  4 hobgoblin skeletons (D:11)
  A hobgoblin zombie (D:11)
  20 kobolds
  15 orc zombies (D:11)
  7 rats
353 creatures vanquished.

Vanquished Creatures (collateral kills)
  Josephine (D:11)
  A boulder beetle (D:11)
  3 wraiths (D:11)
  2 wights (D:11)
  A goblin zombie (D:11)
  A hobgoblin zombie (D:11)
  An orc skeleton (D:11)
10 creatures vanquished.

Vanquished Creatures (others)
  40 fungi (D:9)
  54 plants (D:9)
94 creatures vanquished.

Grand Total: 457 creatures vanquished

Notes
Turn   | Place    | Note
-------+----------+-------------------------------------------
     0 | D:1      | Blackhawk the Gargoyle Berserker began the quest for the
                  | Orb.
     0 | D:1      | Reached XP level 1. HP: 14/14 MP: 1/1
   243 | D:1      | Reached XP level 2. HP: 19/19 MP: 2/2
   867 | D:2      | Reached XP level 3. HP: 23/23 MP: 3/3
   923 | D:2      | Reached ** piety under Trog
   960 | D:2      | Found a white marble altar of Elyvilon.
  1341 | D:2      | Found a shadowy altar of Dithmenos.
  1350 | D:2      | Reached XP level 4. HP: 29/29 MP: 4/4
  1537 | D:3      | Reached skill level 4 in Fighting
  1590 | D:3      | Found a runed translucent door.
  1593 | D:3      | Noticed a bullfrog
  1595 | D:3      | Noticed thesequoiad's ghost (amateur FoWn)
  1614 | D:3      | Found a runed translucent door.
  2075 | D:3      | Reached *** piety under Trog
  2076 | D:3      | Reached XP level 5. HP: 33/33 MP: 5/5
  2339 | D:4      | Noticed a phantom
  2428 | D:4      | Killed a phantom
  2429 | D:4      | Reached XP level 6. HP: 31/39 MP: 6/6
  2842 | D:4      | Noticed a phantom
  2872 | D:4      | Killed a phantom
  2873 | D:4      | Reached skill level 5 in Fighting
  2873 | D:4      | Reached XP level 7. HP: 41/44 MP: 7/7
  3342 | D:4      | Found a burning altar of Makhleb.
  3800 | D:4      | Reached skill level 5 in Armour
  3898 | D:5      | Entered Level 5 of the Dungeon
  3898 | D:5      | Found a bloodstained altar of Trog.
  3938 | D:5      | Reached XP level 8. HP: 51/51 MP: 8/8
  4088 | D:5      | Noticed Ijyb
  4102 | D:5      | Killed Ijyb
  4218 | D:5      | Found a staircase to the Ecumenical Temple.
  4237 | Temple   | Entered the Ecumenical Temple
  4275 | D:5      | Found an iron altar of Okawaru.
  4306 | D:5      | Found a radiant altar of Vehumet.
  4525 | D:5      | Found a white marble altar of Elyvilon.
  4526 | D:5      | Found a glowing golden altar of the Shining One.
  4629 | D:5      | Reached skill level 6 in Fighting
  4629 | D:5      | Reached skill level 5 in Axes
  4856 | D:5      | Reached **** piety under Trog
  5375 | D:6      | Found a broken altar of Ashenzari.
  5388 | D:6      | Reached XP level 9. HP: 40/56 MP: 9/9
  5547 | D:6      | Reached skill level 7 in Fighting
  5547 | D:6      | Reached skill level 5 in Dodging
  5693 | D:6      | Found a runed translucent door.
  5694 | D:6      | Noticed NeoRunner's ghost (novice TrFi)
  6269 | D:3      | Killed thesequoiad's ghost
  6639 | D:7      | Reached skill level 8 in Fighting
  6773 | D:7      | Found a snail-covered altar of Cheibriados.
  6911 | D:7      | Reached XP level 10. HP: 60/64 MP: 10/10
  6958 | D:7      | Found a runed translucent gate.
  6958 | D:7      | Noticed Cthulcifer's ghost (novice OpTm)
  6962 | D:7      | Found a runed translucent gate.
  7191 | D:7      | Found a radiant altar of Vehumet.
  7294 | D:7      | Reached ***** piety under Trog
  7483 | D:7      | Found a runed translucent gate.
  7488 | D:7      | Found a roughly hewn altar of Beogh.
  7551 | D:8      | Found an iron altar of Okawaru.
  7586 | D:8      | Found a hazy altar of Hepliaklqana.
  7720 | D:8      | Found Kyesuracw's General Store.
  7966 | D:8      | Noticed Joseph
  7985 | D:8      | Killed Joseph
  8362 | D:9      | Reached skill level 9 in Fighting
  8690 | D:9      | Found Waloni's Assorted Antiques.
  8706 | D:9      | Found Qoorhink's Assorted Antiques.
  8737 | D:9      | Found a staircase to the Lair.
  8890 | D:9      | Reached XP level 11. HP: 62/71 MP: 11/11
  9168 | D:9      | Found Erioxah's Magic Scroll Boutique.
  9186 | D:9      | Found an ornate altar of the Wu Jian Council.
  9186 | D:9      | Noticed Maurice
  9199 | D:9      | Killed Maurice
  9267 | D:9      | Found Qeparch's Assorted Antiques.
  9318 | D:9      | Noticed a two-headed ogre
  9332 | D:9      | Killed a two-headed ogre
  9445 | D:9      | Reached skill level 10 in Fighting
  9861 | D:9      | Found an opulent altar of Gozag.
  9862 | D:9      | Found a glowing silver altar of Zin.
 10049 | D:10     | Entered Level 10 of the Dungeon
 10060 | D:10     | Identified the +11 quarterstaff "Rasosh" {drain, *Rage rN+
                  | Str+2 Dex+3 SInv}
 10157 | D:10     | Noticed a manticore
 10178 | D:10     | Killed a manticore
 10324 | D:10     | Reached skill level 10 in Armour
 10490 | D:10     | Noticed a tengu warrior
 10495 | D:10     | Noticed a tengu warrior
 10508 | D:10     | Killed a tengu warrior
 10523 | D:10     | Killed a tengu warrior
 10932 | D:10     | Found Joytaargh's Jewellery Shoppe.
 11092 | D:10     | Found a runed translucent door.
 11092 | D:10     | Noticed bat's ghost (novice DsGl)
 11092 | D:10     | Noticed a tengu warrior
 11355 | D:11     | Reached ****** piety under Trog
 11394 | D:11     | Found a staircase to the Orcish Mines.
 11396 | D:11     | Received a gift from Trog
 11707 | D:11     | Reached XP level 12. HP: 62/79 MP: 12/12
 11717 | D:11     | Found a flagged portal.
 11726 | Bailey   | Entered a bailey
 11930 | D:11     | Got a crystal morningstar {god gift}
 11931 | D:11     | Identified the +4 morningstar of Stickiness {vorpal, rElec}
                  | (Trog gifted it to you on level 11 of the Dungeon)
 11990 | D:11     | Noticed Josephine
 12000 | D:11     | Killed Josephine
 12001 | D:11     | Reached skill level 11 in Fighting
 12001 | D:11     | Noticed a boulder beetle
 12008 | D:11     | Killed a boulder beetle
 12274 | D:10     | Slain by a white ugly thing

Illustrated notes

Levels and vault maps discovered:
D:1:      dpeg_arrival_simpleton_c, layout_basic, grunt_decor_arrowhead,
          minmay_distorted
D:2:      layout_rooms, grunt_dithmenos_smoke_and_mirrors, elyvilon_altar_3
D:3:      layout_basic, ebering_ghost_sewer_f, minmay_diced_spiral
D:4:      layout_basic, gup_sewer_entry_bowl, makhleb_blood_cavern_becter
D:5:      layout_cave_pools, gammafunk_temple_overflow_pools,
          fiery_altar_vehumet, kennysheep_okawaru_gauntlet,
          minmay_temple_entry_mist, bloody_trog, uniq_ijyb
D:6:      layout_loops_ring, cheibrodos_ashenzari_chains,
          ebering_ghost_reflecting_pool, hex_large, nicolae_underground_beach
D:7:      layout_loops_cross, cheibriados_altar_1, basic_altar,
          biasface_ghost_orc_armoury, minmay_between
D:8:      layout_rooms, nzn_hepliaklqana_mist_gate, serial_glass,
          glass_columns_b, glass_columns_b, serial_shops, shop,
          lemuel_altar_in_water, uniq_joseph
D:9:      layout_loops_ring, grunt_temple_overflow_gold_and_silver,
          nzn_wu_jian_council_hall, due_lair_maze_entry_diamond, serial_shops,
          shop, nicolae_shop_overgrown_old_shop, kennysheep_mini,
          shop_fountains, grunt_decor_fettered, uniq_maurice
D:10:     cheibrodos_two_vegetables, layout_loops_ring, serial_shops, shop,
          ebering_ghost_inner_flame
D:11:     layout_basic, zombieorc2_lemuel, ebering_ghost_reflecting_pool,
          enter_bailey_3, uniq_josephine
Temple:   compressed_dpeg_circular_temple

Skill      XL: |  1  2  3  4  5  6  7  8  9 10 11 12 |
---------------+-------------------------------------+-----
Axes           | 3 4 5 6 8 9 |  9.4
Dodging        | 2 3 4 6 7 8 |  8.5
Armour         | 3 4 5 6 7 9 10 | 10.8
Fighting       | 4 5 6 8 9 10 11 | 11.1

Action                   |  1- 3 |  4- 6 |  7- 9 | 10-12 || total
-------------------------+-------+-------+-------+-------++-------
Melee: Hand axe          |   116 |   185 |   453 |   886 ||  1640
       Morningstar       |       |       |       |    11 ||    11
Throw: Dart              |       |       |     2 |     1 ||     3
Invok: Berserk           |       |       |       |     2 ||     2
       Brothers in Arms  |       |       |       |     1 ||     1
  Use: Scroll            |       |       |     5 |     9 ||    14
Armor: Ring mail         |    60 |    40 |       |       ||   100
       Plate armour      |       |    62 |   310 |   620 ||   992
Dodge: Dodged            |    78 |   100 |   191 |   450 ||   819
       Repelled          |     1 |       |     2 |     2 ||     5

Table legend: (Time is in decaauts)
 A = Elapsed time spent in this place.
 B = Non-inter-level travel time spent in this place.
 C = Inter-level travel time spent in this place.
 D = Time resting spent in this place.
 E = Time spent auto-exploring this place.
 F = Levels seen in this place.
 G = Mean time per level.
                   A        B        C        D        E       F      G
               +--------+--------+--------+--------+--------+-----+--------+
         Total |  12294 |  11887 |    407 |    525 |   8512 |  13 |  945.7 |
       Dungeon |  12195 |  11788 |    407 |    525 |   8455 |  11 | 1108.6 |
        Temple |      1 |      1 |      0 |      0 |      0 |   1 |    1.0 |
        Bailey |     97 |     97 |      0 |      0 |     57 |   1 |   97.0 |
               +--------+--------+--------+--------+--------+-----+--------+

Top non-repeatable levels by time:
     D:4: 1676 daAuts
     D:9: 1499 daAuts
    D:10: 1229 daAuts
     D:6: 1186 daAuts
     D:5: 1127 daAuts
     D:7: 1093 daAuts
     D:3: 1045 daAuts
     D:8: 1016 daAuts
    D:11: 867 daAuts
     D:1: 815 daAuts
     D:2: 635 daAuts
  Bailey: 97 daAuts
  Temple: 1 daAuts
